 Dungeon Crawl Stone Soup version 0.28-a0-595-g9f6c0e134a (webtiles) character file.

Game seed: 10909307682895019765

424 Heedrag the Conjurer (level 6, -4/35 HPs)
             Began as a Deep Elf Conjurer on Oct 4, 2021.
             Slain by Edmund (14 damage)
             ... on level 3 of the Dungeon.
             The game lasted 00:08:39 (3942 turns).

Heedrag the Conjurer (Deep Elf Conjurer)            Turns: 3942, Time: 00:08:40

Health: -4/35      AC:  4    Str:  4    XL:     6   Next: 64%
Magic:  3/14       EV: 13    Int: 25    God:
Gold:   99         SH:  0    Dex: 13    Spells: 3/14 levels left

rFire   . . .      SeeInvis .   h - +0 short sword
rCold   . . .      Faith    .   (no shield)
rNeg    . . .      Spirit   .   a - +0 robe
rPois   .          Reflect  .   e - +0 helmet
rElec   .          Harm     .   j - scarf {repulsion}
rCorr   .          Rampage  .   m - +0 pair of gloves
Will    .....                   (no boots)
Stlth   +++.......              l - amulet of the acrobat
HPRegen 0.11/turn               (no ring)
MPRegen 0.14/turn               (no ring)

@: repel missiles
A: no striking features
a: no special abilities


You were on level 3 of the Dungeon.
You visited 1 branch of the dungeon, and saw 4 of its levels.

You collected 135 gold pieces.
You spent 36 gold pieces at shops.

Inventory:

Hand Weapons
 h - a +0 short sword (weapon)
   (You took it off a hobgoblin on level 2 of the Dungeon)
Missiles
 n - 4 poisoned darts
Armour
 a - a +0 robe (worn)
 e - a +0 helmet (worn)
   (You found it on level 2 of the Dungeon)
 j - a scarf of repulsion (worn)
   (You found it on level 3 of the Dungeon)
 m - a +0 pair of gloves (worn)
   (You found it on level 3 of the Dungeon)
Jewellery
 l - an amulet of the acrobat (around neck)
   (You found it on level 3 of the Dungeon)
Scrolls
 b - 4 scrolls of magic mapping {unknown}
 d - a scroll of noise {unknown}
 f - 2 scrolls of teleportation {@r4}
 g - 3 scrolls of identify {unknown}
 o - a scroll of brand weapon {unknown}
Potions
 c - a potion of berserk rage {unknown}
 i - a potion of curing {unknown}
 k - a potion of degeneration {unknown}
 p - a potion of mutation {unknown}


   Skills:
 + Level 1.9 Fighting
 + Level 4.0 Dodging
 + Level 4.4 Stealth
 + Level 4.6 Spellcasting
 * Level 6.1 Conjurations
 + Level 1.1 Hexes
 + Level 0.7 Translocations


You had 3 spell levels left.
You knew the following spells:

 Your Spells              Type           Power      Damage    Failure   Level
a - Magic Dart            Conj           100%       1d8       1%          1
s - Searing Ray           Conj           72%        2d7       1%          2
x - Iskenderun's Mystic   Conj/Tloc      23%        2d6       21%         4
z - Fulminant Prism       Conj/Hex       12%        3d9       19%         4

Your spell library contained the following spells:

 Spells                   Type           Power      Damage    Failure   Level
 Dazzling Flash           Conj/Hex       48%        N/A       6%          3
 Ozocubu's Armour         Ice            5%         N/A       26%         3
 Ozocubu's Refrigeration  Ice            2%         4d5       100%        7


Dungeon Overview and Level Annotations

Branches:
Dungeon (4/15)
 Temple: D:4-7

Altars:
Dithmenos

Shops:
D:3 ?

Annotations:
D:3 Edmund


Message History

The magic dart hits the wight.
Aim: a wight, wielding a +4 hand axe and wearing a +0 robe (moderately damaged, 100% to hit)
The magic dart hits the wight but does no damage.
The spell is extremely dangerous to cast (19% risk of failure)!
Continue anyway?
You conjure a prism of explosive energy!
A fulminant prism comes into view.
The wight hits your fulminant prism with a +4 hand axe!
You don't have enough magic to cast this spell.
Unknown command.
Aim: a wight, wielding a +4 hand axe and wearing a +0 robe (moderately damaged, 81% to hit)
You miscast Searing Ray.
You are very lightly contaminated with residual magic.
Nothing appears to happen.
You climb upwards.
Level annotation: Edmund
There is a stone staircase leading down here.
You start resting.
Your magical contamination has completely faded away.
Edmund is nearby!
There is a stone staircase leading down here.
The spell is extremely dangerous to cast (19% risk of failure)!
Continue anyway?
You conjure a prism of explosive energy!
Edmund shouts!
A fulminant prism comes into view.
Your fulminant prism crackles loudly.
There is a stone staircase leading down here.
Edmund hits your fulminant prism with a +2 dire flail of holy wrath!
The blast of energy engulfs Edmund!
The spell is extremely dangerous to cast (19% risk of failure)!
Continue anyway?
You conjure a prism of explosive energy!
A fulminant prism comes into view.
Your fulminant prism crackles loudly.
Edmund hits your fulminant prism with a +2 dire flail of holy wrath!
The blast of energy engulfs Edmund.
Okay, then.
The spell is extremely dangerous to cast (19% risk of failure)!
Continue anyway?
You conjure a prism of explosive energy!
A fulminant prism comes into view.
Your fulminant prism crackles loudly.
The blast of energy engulfs Edmund.
You closely miss Edmund.
Edmund hits you with a +2 dire flail of holy wrath!
You barely miss Edmund.
Edmund hits you with a +2 dire flail of holy wrath!
* * * LOW HITPOINT WARNING * * *
You barely miss Edmund. Edmund closely misses you.
You hit Edmund but do no damage. Edmund barely misses you.
You hit Edmund but do no damage.
Edmund hits you with a +2 dire flail of holy wrath!
You die...

.##.....###########
.....[........@..>#
.##.....#########.#
.####'### #.# .#
#.# ####.##### .#
#.# #........#
.####.######
#.#.####.#
...........# #.#@#
#.# ...........#
#.#@# #.#
...........#
#.#.####.#
...........#
#.#.##...#
...........#
#.#.##.###
...........#
#.#.##.#
#####+######
#.#....# # #.#
#.######
#####'########.#
...............#


You could see Edmund.

Vanquished Creatures
  A black bear (D:4)
  An ogre (D:2)
  3 wights (D:4)
  Terence (D:3)
  Robin (D:3)
  An adder (D:2)
  2 dart slugs
  2 orcs (D:3)
  5 ball pythons
  7 endoplasms
  3 giant cockroaches
  18 goblins
  8 hobgoblins
  6 jackals
  2 kobolds
  3 quokkas (D:2)
  3 bats
  2 frilled lizards
  5 rats
  A butterfly (D:3)
75 creatures vanquished.

Vanquished Creatures (others)
  8 fulminant prisms
8 creatures vanquished.

Grand Total: 83 creatures vanquished

Notes
Turn   | Place    | Note
-------+----------+-------------------------------------------
     0 | D:1      | Heedrag the Deep Elf Conjurer began the quest for the Orb.
     0 | D:1      | Reached XP level 1. HP: 10/10 MP: 6/6
   258 | D:1      | Reached XP level 2. HP: 16/16 MP: 4/8
   262 | D:1      | Learned a level 2 spell: Searing Ray
   330 | D:1      | You fall into a shaft and drop 1 floor!
   717 | D:2      | Reached XP level 3. HP: 20/20 MP: 6/9
  1705 | D:1      | Found a faded altar of an unknown god.
  1775 | D:2      | Noticed an ogre
  1783 | D:2      | Killed an ogre
  1784 | D:2      | Reached skill level 1 in Fighting
  1784 | D:2      | Reached skill level 5 in Conjurations
  1784 | D:2      | Reached XP level 4. HP: 25/25 MP: 2/12
  1784 | D:2      | Reached XP level 5. HP: 29/29 MP: 2/13
  1921 | D:2      | Learned a level 4 spell: Fulminant Prism
  1926 | D:2      | Learned a level 4 spell: Iskenderun's Mystic Blast
  2025 | D:3      | Noticed Robin
  2088 | D:3      | Killed Robin
  2219 | D:3      | Found a shadowy altar of Dithmenos.
  2297 | D:3      | Noticed Terence
  2337 | D:3      | Killed Terence
  2834 | D:3      | Found Cukhet's Magic Scroll Shoppe.
  2843 | D:3      | Bought a scroll of teleportation for 36 gold pieces
  3154 | D:4      | Noticed a black bear
  3155 | D:4      | Noticed Edmund
  3478 | D:4      | Killed a black bear
  3479 | D:4      | Reached XP level 6. HP: 35/35 MP: 7/14
  3558 | D:4      | Reached skill level 6 in Conjurations
  3788 | D:4      | Reached skill level 1 in Hexes
  3942 | D:3      | Slain by Edmund

Illustrated notes

Levels and vault maps discovered:
D:1:      ebering_hopf_link, layout_rooms,
          shapermc_ecumenical_altar_mp_highgroup, roderic_lattice_a,
          serial_bayou_crossing
D:2:      layout_basic
D:3:      layout_basic, grunt_dithmenos_smoke_and_mirrors, serial_shops,
          nicolae_lakefront_shop, dk_noncrumbling_3, uniq_terence, uniq_robin
D:4:      layout_loops_cross, minmay_temple_entry_butterflies, uniq_edmund,
          uniq_pikel

Skill      XL: |  1  2  3  4  5  6 |
---------------+-------------------+-----
Stealth        | 3 4 |  4.4
Dodging        | 3 4 |  4.0
Fighting       | 1 |  1.9
Spellcasting   | 4 |  4.6
Conjurations   | 5 6 |  6.1
Hexes          | 1 |  1.1
Translocations | |  0.7

Action                   |  1- 3 |  4- 6 || total
-------------------------+-------+-------++-------
Melee: Short sword       |       |     7 ||     7
 Cast: Magic Dart        |    76 |    50 ||   126
       Searing Ray       |     2 |     6 ||     8
       Fulminant Prism   |       |     8 ||     8
       Iskenderun's Myst |       |     1 ||     1
Armor: Robe              |     2 |     7 ||     9
Dodge: Dodged            |     6 |    37 ||    43

Table legend: (Time is in decaauts)
 A = Elapsed time spent in this place.
 B = Non-inter-level travel time spent in this place.
 C = Inter-level travel time spent in this place.
 D = Time resting spent in this place.
 E = Time spent auto-exploring this place.
 F = Levels seen in this place.
 G = Mean time per level.
                   A        B        C        D        E       F      G
               +--------+--------+--------+--------+--------+-----+--------+
         Total |   3959 |   3651 |    308 |    656 |   2493 |   4 |  989.8 |
       Dungeon |   3959 |   3651 |    308 |    656 |   2493 |   4 |  989.8 |
               +--------+--------+--------+--------+--------+-----+--------+

Top non-repeatable levels by time:
     D:3: 1481 daAuts
     D:1: 1088 daAuts
     D:2: 1041 daAuts
     D:4: 347 daAuts
